 Dungeon Crawl Stone Soup version 0.27-a0-1147-gb3d8e82157 (webtiles) character file.

Game seed: 575817649088930069

65 Shayle the Skirmisher (level 3, -1/30 HPs)
             Began as a Demonspawn Warper on May 12, 2021.
             Slain by an ufetubus (2 damage)
             ... on level 3 of the Dungeon.
             The game lasted 00:04:04 (3600 turns).

Shayle the Skirmisher (Demonspawn Warper)           Turns: 3600, Time: 00:04:05

Health: -1/30      AC:  4    Str: 10    XL:     3   Next: 92%
Magic:  6/6        EV: 11    Int: 14    God:
Gold:   76         SH:  0    Dex: 12    Spells: 6/6 levels left

rFire    . . .     SeeInvis .   a - +0 hand axe
rCold    . . .     Faith    .   (no shield)
rNeg     . . .     Spirit   .   b - +0 leather armour
rPois    .         Reflect  .   (no helmet)
rElec    .         Harm     .   g - +0 cloak
rCorr    .         Rampage  .   (no gloves)
Will     .....                  (no boots)
Stlth    +.........             (no amulet)
HPRegen  0.10/turn              (no ring)
MPRegen  0.10/turn              (no ring)

@: no status effects
A: claws 2, weak 1, no potion heal 1, subdued magic 1
a: no special abilities


You were on level 3 of the Dungeon.
You visited 1 branch of the dungeon, and saw 3 of its levels.

You collected 102 gold pieces.
You spent 26 gold pieces at shops.

Inventory:

Hand Weapons
 a - a +0 hand axe (weapon)
Missiles
 e - 2 boomerangs of dispersal (quivered)
Armour
 b - a +0 leather armour (worn)
 g - a +0 cloak (worn)
Scrolls
 c - 2 scrolls of teleportation {unknown}
 d - a scroll of blinking
 i - a scroll of amnesia {unknown}
 k - a scroll of identify
Potions
 f - a potion of curing {unknown}
 h - a potion of brilliance
 j - a potion of cancellation {unknown}


   Skills:
 + Level 4.3 Fighting
 - Level 1.7 Axes
 - Level 0.8 Throwing
 - Level 0.8 Armour
 - Level 1.7 Dodging
 - Level 2.0 Spellcasting
 - Level 2.6 Translocations


You had 6 spell levels left.
You didn't know any spells.
Your spell library contained the following spells:

 Spells                   Type           Power      Damage    Failure   Level
 Blink                    Tloc           N/A        N/A       13%         2
 Beastly Appendage        Tmut           2%         N/A       28%         1
 Gell's Gravitas          Tloc           3%         N/A       28%         3
 Lesser Beckoning         Tloc           3%         N/A       28%         3
 Teleport Other           Tloc           6%         N/A       28%         3
 Wereblood                Tmut           1%         N/A       38%         2
 Spider Form              Tmut/Pois      0%         N/A       63%         3
 Manifold Assault         Tloc           6%         N/A       95%         5
 Ice Form                 Ice/Tmut       1%         N/A       96%         4
 Hydra Form               Tmut           0%         N/A       100%        5


Dungeon Overview and Level Annotations

Branches:
Dungeon (3/15)

Altars:
Cheibriados

Shops:
D:1 (?!

Annotations:
D:2 1 runed translucent door, Crazy Yiuf


Innate Abilities, Weirdness & Mutations

You have very sharp fingernails.
You are weak. (Str -2)
Potions are less effective at restoring your health.
Your spells are a little easier to cast, but a little less powerful.


Message History

You miss the ufetubus.
The ufetubus is severely wounded.
The ufetubus hits you but does no damage.
The ufetubus closely misses you. x2; The ufetubus hits you.
* * * LOW HITPOINT WARNING * * *
You closely miss the ufetubus.
The ufetubus is severely wounded.
The ufetubus completely misses you. The ufetubus closely misses you.
You barely miss the ufetubus.
The ufetubus is severely wounded.
The ufetubus closely misses you.
The ufetubus hits you but does no damage.
The ufetubus completely misses you. The ufetubus barely misses you.
You closely miss the ufetubus.
The ufetubus is severely wounded.
The ufetubus hits you.
* * * LOW HITPOINT WARNING * * *
The ufetubus hits you but does no damage.
The ufetubus closely misses you. The ufetubus barely misses you.
You barely miss the ufetubus.
The ufetubus is severely wounded.
The ufetubus barely misses you. The ufetubus hits you.
* * * LOW HITPOINT WARNING * * *
The ufetubus hits you.
* * * LOW HITPOINT WARNING * * *
The ufetubus barely misses you.
Throw: 4 boomerangs (disperse)
Press: ? - help, Q - select action Shift-Dir - straight line, f - ufetubus
Aim: an ufetubus (severely wounded, 40% to hit)
You throw a boomerang of dispersal.
The boomerang of dispersal barely misses the ufetubus.
The ufetubus hits you but does no damage.
The ufetubus barely misses you. x2; The ufetubus closely misses you.
Throw: 3 boomerangs (disperse)
Press: ? - help, Q - select action Shift-Dir - straight line, f/p - ufetubus
Aim: an ufetubus (severely wounded, 40% to hit)
You throw a boomerang of dispersal.
The boomerang of dispersal misses the ufetubus.
The ufetubus hits you.
You die...

............
...........# #
......).... .#
..........##.#
........#....
#..#.<....# ..#
#.#......##..###
##.....†5@.......
###....#.##........
.....#............(
.......#.#.........
.....(..........[..
.......<#...#......
............#.^....
............#......
###....###..#


You could see an ufetubus.

Vanquished Creatures
  An adder (D:2)
  2 worms (D:2)
  A dart slug (D:1)
  4 goblins
  10 hobgoblins
  10 jackals (D:1)
  2 quokkas
  2 ball pythons
  A bat (D:1)
  3 frilled lizards
  4 kobolds
  3 rats
43 creatures vanquished.

Vanquished Creatures (others)
  3 plants (D:1)
3 creatures vanquished.

Grand Total: 46 creatures vanquished

Notes
Turn   | Place    | Note
-------+----------+-------------------------------------------
     0 | D:1      | Shayle the Demonspawn Warper began the quest for the Orb.
     0 | D:1      | Reached XP level 1. HP: 16/16 MP: 3/3
   193 | D:1      | Found a faded altar of an unknown god.
   221 | D:1      | Found Hablat's Antique Weapon Shoppe.
   246 | D:1      | Gained mutation: You have sharp fingernails. [demonic
                  | ancestry]
   246 | D:1      | Reached XP level 2. HP: 14/23 MP: 5/5
   652 | D:1      | Reached skill level 3 in Fighting
  1447 | D:1      | Found Vez Xata's Magic Scroll Shop.
  1455 | D:1      | Bought a scroll of identify for 26 gold pieces
  1462 | D:1      | Found Booti Boll's Distillery.
  1484 | D:1      | Gained mutation: You have very sharp fingernails. [demonic
                  | ancestry]
  1484 | D:1      | Reached XP level 3. HP: 14/29 MP: 6/6
  2201 | D:2      | Gained mutation: You have a pair of small antennae on your
                  | head. [potion of mutation]
  2201 | D:2      | Gained mutation: You are robust. (+10% HP) [potion of
                  | mutation]
  2202 | D:2      | Lost mutation: You are robust. (+10% HP) [potion of
                  | mutation]
  2202 | D:2      | Lost mutation: You have a pair of small antennae on your
                  | head. [potion of mutation]
  2202 | D:2      | Gained mutation: You are clumsy. (Dex -2) [potion of
                  | mutation]
  2202 | D:2      | Gained mutation: You are dopey. (Int -2) [potion of
                  | mutation]
  2202 | D:2      | Gained mutation: You expend magic power (3 MP) to
                  | strengthen your wands. [potion of mutation]
  2203 | D:2      | Lost mutation: You expend magic power (3 MP) to strengthen
                  | your wands. [potion of mutation]
  2203 | D:2      | Lost mutation: You are clumsy. (Dex -2) [potion of
                  | mutation]
  2203 | D:2      | Lost mutation: You are dopey. (Int -2) [potion of mutation]
  2203 | D:2      | Gained mutation: You are occasionally teleported next to
                  | monsters. [potion of mutation]
  2203 | D:2      | Gained mutation: You are weak. (Str -2) [potion of
                  | mutation]
  2203 | D:2      | Gained mutation: You have large cloven feet. [potion of
                  | mutation]
  2204 | D:2      | Lost mutation: You are occasionally teleported next to
                  | monsters. [potion of mutation]
  2204 | D:2      | Lost mutation: You have large cloven feet. [potion of
                  | mutation]
  2204 | D:2      | Gained mutation: Potions are less effective at restoring
                  | your health. [potion of mutation]
  2204 | D:2      | Gained mutation: Your spells are a little easier to cast,
                  | but a little less powerful. [potion of mutation]
  2348 | D:2      | Found a runed translucent door.
  2349 | D:2      | Noticed Crazy Yiuf
  2694 | D:2      | Reached skill level 4 in Fighting
  2737 | D:2      | Found a snail-covered altar of Cheibriados.
  2808 | D:2      | HP: 1/30 [goblin/+0 club (4)]
  3598 | D:3      | HP: 1/30 [ufetubus (3)]
  3600 | D:3      | Slain by an ufetubus

Illustrated notes

Levels and vault maps discovered:
D:1:      eino_arrival_tree_alley, layout_loops_ring,
          hellmonk_ecumenical_altar_pennies_from_heaven, serial_shops, shop,
          nicolae_shop_overgrown_old_shop, nicolae_shop_behind_doors,
          chequers_serial_rivers_micro_b
D:2:      cheibrodos_greedy_goblins, layout_loops_ring, minmay_hexomino_r4,
          uniq_crazy_yiuf_cottage
D:3:      layout_rooms, general_overflow_altar, uniq_purgy

Skill      XL: |  1  2  3 |
---------------+----------+-----
Fighting       | 3 4 |  4.3
Axes           | |  1.7
Throwing       | |  0.8
Armour         | |  0.8
Dodging        | |  1.7
Spellcasting   | |  2.0
Translocations | |  2.6

Action                   || total
-------------------------++-------
Melee: Hand axe          ||   192
Throw: Boomerang         ||     3
  Use: Scroll            ||     1
       Potion            ||     6
 Stab: Sleeping          ||     1
Armor: Leather armour    ||    74
Dodge: Dodged            ||   142

Table legend: (Time is in decaauts)
 A = Elapsed time spent in this place.
 B = Non-inter-level travel time spent in this place.
 C = Inter-level travel time spent in this place.
 D = Time resting spent in this place.
 E = Time spent auto-exploring this place.
 F = Levels seen in this place.
 G = Mean time per level.
                   A        B        C        D        E       F      G
               +--------+--------+--------+--------+--------+-----+--------+
         Total |   3643 |   3589 |     54 |    499 |   2651 |   3 | 1214.3 |
       Dungeon |   3643 |   3589 |     54 |    499 |   2651 |   3 | 1214.3 |
               +--------+--------+--------+--------+--------+-----+--------+

Top non-repeatable levels by time:
     D:2: 1909 daAuts
     D:1: 1704 daAuts
     D:3: 30 daAuts
